 Dungeon Crawl Stone Soup version 0.21.1-1-g345015f (webtiles) character file.

94 dv1997 the Conjurer (level 4, -3/31 HPs)
             Began as a Human Conjurer on June 30, 2018.
             Shot with an arrow by a centaur (4 damage)
             ... on level 3 of the Dungeon.
             The game lasted 00:18:48 (2557 turns).

dv1997 the Conjurer (Human Conjurer)                Turns: 2557, Time: 00:18:48

Health: -3/31      AC:  3    Str:  8    XL:     4   Next: 94%
Magic:  4/7        EV: 12    Int: 17    God:
Gold:   119        SH:  0    Dex: 13    Spells: 4/7 levels left

rFire    . . .     SeeInvis .   e - +1 short sword
rCold    . . .     Gourm    .   (no shield)
rNeg     . . .     Faith    .   r - +0 leather armour
rPois    .         Spirit   .   (no helmet)
rElec    .         Reflect  .   (no cloak)
rCorr    .         Harm     .   (no gloves)
MR       .....                  (no boots)
Stlth    ++........             (no amulet)
HPRegen  0.10/turn              (no ring)
MPRegen  0.10/turn              (no ring)

@: no status effects
A: no striking features
a: no special abilities


You were on level 3 of the Dungeon.
You were not hungry.

You visited 1 branch of the dungeon, and saw 3 of its levels.

You collected 119 gold pieces.

Inventory:

Hand Weapons
 d - a -3 whip
 e - a +1 short sword (weapon)
 g - a +0 dagger
 h - a +0 short sword
 i - a +0 hand axe
 j - a +0 falchion
 k - a +0 mace
 l - a cursed -3 spear
Missiles
 o - 69 arrows
 p - 18 poisoned needles
Armour
 a - a +0 robe
 f - a +0 chain mail
 m - a +0 robe
 r - a +0 leather armour (worn)
Scrolls
 n - a scroll of remove curse
 q - a scroll of identify
Books
 b - a book of Conjurations

   Spells                             Type                      Level
   a - Magic Dart                     Conjuration                  1
   b - Searing Ray                    Conjuration                  2
   c - Dazzling Spray                 Conjuration/Hexes            3
   d - Fulminant Prism                Conjuration/Hexes            4
   e - Force Lance                    Conjuration/Translocation    4
   f - Iskenderun's Mystic Blast      Conjuration                  4
Comestibles
 c - a ration


   Skills:
 + Level 0.6 Fighting
 * Level 1.6 Short Blades
 + Level 2.6 Dodging
 + Level 2.3 Stealth
 + Level 0.1 Unarmed Combat
 + Level 2.4 Spellcasting
 + Level 4.7 Conjurations


You had 4 spell levels left.
You knew the following spells:

 Your Spells              Type           Power        Failure   Level  Hunger
a - Magic Dart            Conj           ###.         3%          1    #......
b - Searing Ray           Conj           ###...       6%          2    ##.....


Dungeon Overview and Level Annotations

Branches:
Dungeon (2/15)

Altars:
Okawaru


Message History

Aiming: Magic Dart
Press: ? - help, Shift-Dir - straight line, f/p - centaur
Aim: a centaur (lightly wounded)
The magic dart hits the centaur.
The centaur is moderately wounded.
The centaur hits you.
The centaur wields a glowing shortbow.
It bursts into flame!
The centaur shoots an arrow.
The arrow hits you. The arrow burns you.
You see here an arrow.
The centaur shoots an arrow.
The arrow closely misses you.
You see here an arrow.
The centaur shoots an arrow.
The arrow hits you! The arrow burns you.
* * * LOW HITPOINT WARNING * * *
You see here an arrow.
The centaur shoots an arrow.
The arrow closely misses you.
You see here a ration.
The centaur shoots an arrow.
The arrow hits you!
* * * LOW HITPOINT WARNING * * *
The arrow burns you.
You die...

.# .# # .#
##.#### .#
#...@%####.######
#.###.((.........
#...(........
#.##.c.#####
.........#
........##
#######.## #.#
..#


You could see a centaur.

Vanquished Creatures
  4 adders (D:2)
  2 dart slugs (D:1)
  An orc (D:2)
  A giant cockroach (D:2)
  10 goblins
  6 hobgoblins
  2 jackals (D:2)
  A quokka (D:2)
  7 bats
  5 frilled lizards
  5 kobolds
  10 rats
54 creatures vanquished.

Notes
Turn   | Place    | Note
-------+----------+-------------------------------------------
     0 | D:1      | dv1997 the Human Conjurer began the quest for the Orb.
     0 | D:1      | Reached XP level 1. HP: 13/13 MP: 3/3
   120 | D:1      | Reached XP level 2. HP: 7/19 MP: 1/5
   774 | D:1      | Learned a level 2 spell: Searing Ray
   981 | D:1      | Found an iron altar of Okawaru.
   986 | D:1      | Reached XP level 3. HP: 24/24 MP: 2/6
  1859 | D:2      | Reached XP level 4. HP: 31/31 MP: 2/7
  1905 | D:2      | Reached skill level 1 in Short Blades
  2163 | D:2      | Noticed an orc warrior
  2215 | D:2      | Found a faded altar of an unknown god.
  2549 | D:2      | You fall through a shaft!
  2549 | D:3      | Noticed a centaur
  2557 | D:3      | HP: 1/31 [centaur/arrow (8)]
  2557 | D:3      | Shot with an arrow by a centaur

Skill      XL: |  1  2  3  4 |
---------------+-------------+-----
Short Blades   | 1 |  1.6
Fighting       | |  0.6
Dodging        | |  2.6
Stealth        | |  2.3
Unarmed Combat | |  0.1
Spellcasting   | |  2.4
Conjurations   | |  4.7

Action                   |  1- 3 |  4- 6 || total
-------------------------+-------+-------++-------
Melee: Unarmed           |    15 |       ||    15
       Whip              |    22 |       ||    22
       Short sword       |    34 |     6 ||    40
 Cast: Magic Dart        |    55 |    35 ||    90
       Searing Ray       |     2 |       ||     2
  Use: Scroll            |     4 |       ||     4
       Potion            |     1 |     1 ||     2
  Eat: Ration            |     1 |     1 ||     2
Armor: Robe              |    19 |     1 ||    20
Dodge: Dodged            |    77 |     8 ||    85
